Workbook

Sheet TH Tool
A1: Transitional Housing Monitoring Tool | B1: 1 | C1: =B1+1 -> 2 | D1: =C1+1 -> 3 | E1: =D1+1 -> 4 | F1: =E1+1 -> 5 | G1: =F1+1 -> 6 | H1: =G1+1 -> 7 | I1: =H1+1 -> 8 | J1: =I1+1 -> 9 | ... AY1: =AX1+1 -> 50
A2: Agency Name
A3: Program Name
A4: Monitoring Date
A6: Client ID HMIS
A7: Last Name
A8: Entry Date
A9: Exit Date
A10: Length of Stay-Days | B10: =IF(B9="",$B$4-B8,B9-B8) -> 0 | C10: =IF(C9="",$B$4-C8,C9-C8) -> 0 | D10: =IF(D9="",$B$4-D8,D9-D8) -> 0 | E10: =IF(E9="",$B$4-E8,E9-E8) -> 0 | F10: =IF(F9="",$B$4-F8,F9-F8) -> 0 | G10: =IF(G9="",$B$4-G8,G9-G8) -> 0 | H10: =IF(H9="",$B$4-H8,H9-H8) -> 0 | I10: =IF(I9="",$B$4-I8,I9-I8) -> 0 | ... AY10: =IF(AY9="",$B$4-AY8,AY9-AY8) -> 0
A13: Standard | B13: Determination and Notes | C13: Determination and Notes | D13: Determination and Notes | E13: Determination and Notes | F13: Determination and Notes | G13: Determination and Notes | H13: Determination and Notes | I13: Determination and Notes | J13: Determination and Notes | K13: Determination and Notes | L13: Determination and Notes | M13: Determination and Notes | N13: Determination and Notes | O13: Determination and Notes | P13: Determination and Notes | Q13: Determination and Notes | R13: Determination and Notes | S13: Determination and Notes | T13: Determination and Notes | U13: Determination and Notes | V13: Determination and Notes | W13: Determination and Notes | X13: Determination and Notes | Y13: Determination and Notes | Z13: Determination and Notes | AA13: Determination and Notes | AB13: Determination and Notes | AC13: Determination and Notes | AD13: Determination and Notes | AE13: Determination and Notes | AF13: Determination and Notes | AG13: Determination and Notes | AH13: Determination and Notes | AI13: Determination and Notes | AJ13: Determination and Notes | AK13: Determination and Notes | AL13: Determination and Notes | AM13: Determination and Notes | AN13: Determination and Notes | AO13: Determination and Notes | AP13: Determination and Notes | AQ13: Determination and Notes | AR13: Determination and Notes | AS13: Determination and Notes | AT13: Determination and Notes | AU13: Determination and Notes | AV13: Determination and Notes | AW13: Determination and Notes | AX13: Determination and Notes | AY13: Determination and Notes
A14: Documentation of Homlessness
A16: Evaluation / Needs Assessment
A18: Annual Reassessment
A20: Termination and Appeals Acknowledgement
A22: Termination and Appeals Documentation
A24: Individualized Housing Stability Plans
A26: Case file documentation
A28: Lease or Housing Agreement Requirements
A30: VAWA client notification
A32: Documentation of Habitability Inspection
A34: Lead Based Paint
A36: Provision of Eligible Assistance
... A40: FMR/Rent Reasonableness
B46: Yes
B47: No
B48: N/A
A50: =A14 -> Documentation of Homlessness
A51: Files Reviewed | B51: =IF(B14="",0,1) -> 0 | C51: =IF(C14="",0,1) -> 0 | D51: =IF(D14="",0,1) -> 0 | E51: =IF(E14="",0,1) -> 0 | F51: =IF(F14="",0,1) -> 0 | G51: =IF(G14="",0,1) -> 0 | H51: =IF(H14="",0,1) -> 0 | I51: =IF(I14="",0,1) -> 0 | ... AY51: =IF(AY14="",0,1) -> 0 | AZ51: =SUM(B51:AY51) -> 0
A52: Applicable Files | B52: =IF(B14="N/A",0,1) -> 1 | C52: =IF(C14="N/A",0,1) -> 1 | D52: =IF(D14="N/A",0,1) -> 1 | E52: =IF(E14="N/A",0,1) -> 1 | F52: =IF(F14="N/A",0,1) -> 1 | G52: =IF(G14="N/A",0,1) -> 1 | H52: =IF(H14="N/A",0,1) -> 1 | I52: =IF(I14="N/A",0,1) -> 1 | ... AY52: =IF(AY14="N/A",0,1) -> 1 | AZ52: =SUM(B52:AY52) -> 50
A53: Non Compliant | B53: =IF(B14="NO",1,0) -> 0 | C53: =IF(C14="NO",1,0) -> 0 | D53: =IF(D14="NO",1,0) -> 0 | E53: =IF(E14="NO",1,0) -> 0 | F53: =IF(F14="NO",1,0) -> 0 | G53: =IF(G14="NO",1,0) -> 0 | H53: =IF(H14="NO",1,0) -> 0 | I53: =IF(I14="NO",1,0) -> 0 | ... AY53: =IF(AY14="NO",1,0) -> 0 | AZ53: =SUM(B53:AY53) -> 0
A54: =A16 -> Evaluation / Needs Assessment
A55: Files Reviewed | B55: =IF(B16="",0,1) -> 0 | C55: =IF(C16="",0,1) -> 0 | D55: =IF(D16="",0,1) -> 0 | E55: =IF(E16="",0,1) -> 0 | F55: =IF(F16="",0,1) -> 0 | G55: =IF(G16="",0,1) -> 0 | H55: =IF(H16="",0,1) -> 0 | I55: =IF(I16="",0,1) -> 0 | ... AY55: =IF(AY16="",0,1) -> 0 | AZ55: =SUM(B55:AY55) -> 0
A56: Applicable Files | B56: =IF(B16="N/A",0,1) -> 1 | C56: =IF(C16="N/A",0,1) -> 1 | D56: =IF(D16="N/A",0,1) -> 1 | E56: =IF(E16="N/A",0,1) -> 1 | F56: =IF(F16="N/A",0,1) -> 1 | G56: =IF(G16="N/A",0,1) -> 1 | H56: =IF(H16="N/A",0,1) -> 1 | I56: =IF(I16="N/A",0,1) -> 1 | ... AY56: =IF(AY16="N/A",0,1) -> 1 | AZ56: =SUM(B56:AY56) -> 50
A57: Non Compliant | B57: =IF(B16="NO",1,0) -> 0 | C57: =IF(C16="NO",1,0) -> 0 | D57: =IF(D16="NO",1,0) -> 0 | E57: =IF(E16="NO",1,0) -> 0 | F57: =IF(F16="NO",1,0) -> 0 | G57: =IF(G16="NO",1,0) -> 0 | H57: =IF(H16="NO",1,0) -> 0 | I57: =IF(I16="NO",1,0) -> 0 | ... AY57: =IF(AY16="NO",1,0) -> 0 | AZ57: =SUM(B57:AY57) -> 0
A58: =A18 -> Annual Reassessment
A59: Files Reviewed | B59: =IF(B18="",0,1) -> 0 | C59: =IF(C18="",0,1) -> 0 | D59: =IF(D18="",0,1) -> 0 | E59: =IF(E18="",0,1) -> 0 | F59: =IF(F18="",0,1) -> 0 | G59: =IF(G18="",0,1) -> 0 | H59: =IF(H18="",0,1) -> 0 | I59: =IF(I18="",0,1) -> 0 | ... AY59: =IF(AY18="",0,1) -> 0 | AZ59: =SUM(B59:AY59) -> 0
A60: Applicable Files | B60: =IF(B18="N/A",0,1) -> 1 | C60: =IF(C18="N/A",0,1) -> 1 | D60: =IF(D18="N/A",0,1) -> 1 | E60: =IF(E18="N/A",0,1) -> 1 | F60: =IF(F18="N/A",0,1) -> 1 | G60: =IF(G18="N/A",0,1) -> 1 | H60: =IF(H18="N/A",0,1) -> 1 | I60: =IF(I18="N/A",0,1) -> 1 | ... AY60: =IF(AY18="N/A",0,1) -> 1 | AZ60: =SUM(B60:AY60) -> 50
A61: Non Compliant | B61: =IF(B18="NO",1,0) -> 0 | C61: =IF(C18="NO",1,0) -> 0 | D61: =IF(D18="NO",1,0) -> 0 | E61: =IF(E18="NO",1,0) -> 0 | F61: =IF(F18="NO",1,0) -> 0 | G61: =IF(G18="NO",1,0) -> 0 | H61: =IF(H18="NO",1,0) -> 0 | I61: =IF(I18="NO",1,0) -> 0 | ... AY61: =IF(AY18="NO",1,0) -> 0 | AZ61: =SUM(B61:AY61) -> 0
A62: =A20 -> Termination and Appeals Acknowledgement
A63: Files Reviewed | B63: =IF(B20="",0,1) -> 0 | C63: =IF(C20="",0,1) -> 0 | D63: =IF(D22="",0,1) -> 0 | E63: =IF(E22="",0,1) -> 0 | F63: =IF(F22="",0,1) -> 0 | G63: =IF(G22="",0,1) -> 0 | H63: =IF(H22="",0,1) -> 0 | I63: =IF(I22="",0,1) -> 0 | J63: =IF(J22="",0,1) -> 0 | K63: =IF(K22="",0,1) -> 0 | ... AY63: =IF(AY22="",0,1) -> 0 | AZ63: =SUM(B63:AY63) -> 0
A64: Applicable Files | B64: =IF(B20="N/A",0,1) -> 1 | C64: =IF(C20="N/A",0,1) -> 1 | D64: =IF(D20="N/A",0,1) -> 1 | E64: =IF(E20="N/A",0,1) -> 1 | F64: =IF(F20="N/A",0,1) -> 1 | G64: =IF(G20="N/A",0,1) -> 1 | H64: =IF(H20="N/A",0,1) -> 1 | I64: =IF(I20="N/A",0,1) -> 1 | ... AY64: =IF(AY20="N/A",0,1) -> 1 | AZ64: =SUM(B64:AY64) -> 50
A65: Non Compliant | B65: =IF(B20="NO",1,0) -> 0 | C65: =IF(C20="NO",1,0) -> 0 | D65: =IF(D20="NO",1,0) -> 0 | E65: =IF(E20="NO",1,0) -> 0 | F65: =IF(F20="NO",1,0) -> 0 | G65: =IF(G20="NO",1,0) -> 0 | H65: =IF(H20="NO",1,0) -> 0 | I65: =IF(I20="NO",1,0) -> 0 | ... AY65: =IF(AY20="NO",1,0) -> 0 | AZ65: =SUM(B65:AY65) -> 0
A66: =A22 -> Termination and Appeals Documentation
A67: Files Reviewed | B67: =IF(B22="",0,1) -> 0 | C67: =IF(C22="",0,1) -> 0 | D67: =IF(D22="",0,1) -> 0 | E67: =IF(E22="",0,1) -> 0 | F67: =IF(F22="",0,1) -> 0 | G67: =IF(G22="",0,1) -> 0 | H67: =IF(H22="",0,1) -> 0 | I67: =IF(I22="",0,1) -> 0 | ... AY67: =IF(AY22="",0,1) -> 0 | AZ67: =SUM(B67:AY67) -> 0
A68: Applicable Files | B68: =IF(B22="N/A",0,1) -> 1 | C68: =IF(C22="N/A",0,1) -> 1 | D68: =IF(D22="N/A",0,1) -> 1 | E68: =IF(E22="N/A",0,1) -> 1 | F68: =IF(F22="N/A",0,1) -> 1 | G68: =IF(G22="N/A",0,1) -> 1 | H68: =IF(H22="N/A",0,1) -> 1 | I68: =IF(I22="N/A",0,1) -> 1 | ... AY68: =IF(AY22="N/A",0,1) -> 1 | AZ68: =SUM(B68:AY68) -> 50
A69: Non Compliant | B69: =IF(B22="NO",1,0) -> 0 | C69: =IF(C22="NO",1,0) -> 0 | D69: =IF(D22="NO",1,0) -> 0 | E69: =IF(E22="NO",1,0) -> 0 | F69: =IF(F22="NO",1,0) -> 0 | G69: =IF(G22="NO",1,0) -> 0 | H69: =IF(H22="NO",1,0) -> 0 | I69: =IF(I22="NO",1,0) -> 0 | ... AY69: =IF(AY22="NO",1,0) -> 0 | AZ69: =SUM(B69:AY69) -> 0
A70: =A24 -> Individualized Housing Stability Plans
A71: Files Reviewed | B71: =IF(B24="",0,1) -> 0 | C71: =IF(C24="",0,1) -> 0 | D71: =IF(D24="",0,1) -> 0 | E71: =IF(E24="",0,1) -> 0 | F71: =IF(F24="",0,1) -> 0 | G71: =IF(G24="",0,1) -> 0 | H71: =IF(H24="",0,1) -> 0 | I71: =IF(I24="",0,1) -> 0 | ... AY71: =IF(AY24="",0,1) -> 0 | AZ71: =SUM(B71:AY71) -> 0
A72: Applicable Files | B72: =IF(B24="N/A",0,1) -> 1 | C72: =IF(C24="N/A",0,1) -> 1 | D72: =IF(D24="N/A",0,1) -> 1 | E72: =IF(E24="N/A",0,1) -> 1 | F72: =IF(F24="N/A",0,1) -> 1 | G72: =IF(G24="N/A",0,1) -> 1 | H72: =IF(H24="N/A",0,1) -> 1 | I72: =IF(I24="N/A",0,1) -> 1 | ... AY72: =IF(AY24="N/A",0,1) -> 1 | AZ72: =SUM(B72:AY72) -> 50
A73: Non Compliant | B73: =IF(B24="NO",1,0) -> 0 | C73: =IF(C24="NO",1,0) -> 0 | D73: =IF(D24="NO",1,0) -> 0 | E73: =IF(E24="NO",1,0) -> 0 | F73: =IF(F24="NO",1,0) -> 0 | G73: =IF(G24="NO",1,0) -> 0 | H73: =IF(H24="NO",1,0) -> 0 | I73: =IF(I24="NO",1,0) -> 0 | ... AY73: =IF(AY24="NO",1,0) -> 0 | AZ73: =SUM(B73:AY73) -> 0
A74: =A26 -> Case file documentation
A75: Files Reviewed | B75: =IF(B26="",0,1) -> 0 | C75: =IF(C26="",0,1) -> 0 | D75: =IF(D26="",0,1) -> 0 | E75: =IF(E26="",0,1) -> 0 | F75: =IF(F26="",0,1) -> 0 | G75: =IF(G26="",0,1) -> 0 | H75: =IF(H26="",0,1) -> 0 | I75: =IF(I26="",0,1) -> 0 | ... AY75: =IF(AY26="",0,1) -> 0 | AZ75: =SUM(B75:AY75) -> 0
A76: Applicable Files | B76: =IF(B26="N/A",0,1) -> 1 | C76: =IF(C26="N/A",0,1) -> 1 | D76: =IF(D26="N/A",0,1) -> 1 | E76: =IF(E26="N/A",0,1) -> 1 | F76: =IF(F26="N/A",0,1) -> 1 | G76: =IF(G26="N/A",0,1) -> 1 | H76: =IF(H26="N/A",0,1) -> 1 | I76: =IF(I26="N/A",0,1) -> 1 | ... AY76: =IF(AY26="N/A",0,1) -> 1 | AZ76: =SUM(B76:AY76) -> 50
A77: Non Compliant | B77: =IF(B26="NO",1,0) -> 0 | C77: =IF(C26="NO",1,0) -> 0 | D77: =IF(D26="NO",1,0) -> 0 | E77: =IF(E26="NO",1,0) -> 0 | F77: =IF(F26="NO",1,0) -> 0 | G77: =IF(G26="NO",1,0) -> 0 | H77: =IF(H26="NO",1,0) -> 0 | I77: =IF(I26="NO",1,0) -> 0 | ... AY77: =IF(AY26="NO",1,0) -> 0 | AZ77: =SUM(B77:AY77) -> 0
A78: =A28 -> Lease or Housing Agreement Requirements
A79: Files Reviewed | B79: =IF(B28="",0,1) -> 0 | C79: =IF(C28="",0,1) -> 0 | D79: =IF(D28="",0,1) -> 0 | E79: =IF(E28="",0,1) -> 0 | F79: =IF(F28="",0,1) -> 0 | G79: =IF(G28="",0,1) -> 0 | H79: =IF(H28="",0,1) -> 0 | I79: =IF(I28="",0,1) -> 0 | ... AY79: =IF(AY28="",0,1) -> 0 | AZ79: =SUM(B79:AY79) -> 0
A80: Applicable Files | B80: =IF(B28="N/A",0,1) -> 1 | C80: =IF(C28="N/A",0,1) -> 1 | D80: =IF(D28="N/A",0,1) -> 1 | E80: =IF(E28="N/A",0,1) -> 1 | F80: =IF(F28="N/A",0,1) -> 1 | G80: =IF(G28="N/A",0,1) -> 1 | H80: =IF(H28="N/A",0,1) -> 1 | I80: =IF(I28="N/A",0,1) -> 1 | ... AY80: =IF(AY28="N/A",0,1) -> 1 | AZ80: =SUM(B80:AY80) -> 50
A81: Non Compliant | B81: =IF(B28="NO",1,0) -> 0 | C81: =IF(C28="NO",1,0) -> 0 | D81: =IF(D28="NO",1,0) -> 0 | E81: =IF(E28="NO",1,0) -> 0 | F81: =IF(F28="NO",1,0) -> 0 | G81: =IF(G28="NO",1,0) -> 0 | H81: =IF(H28="NO",1,0) -> 0 | I81: =IF(I28="NO",1,0) -> 0 | ... AY81: =IF(AY28="NO",1,0) -> 0 | AZ81: =SUM(B81:AY81) -> 0
A82: =A30 -> VAWA client notification
A83: Files Reviewed | B83: =IF(B32="",0,1) -> 0 | C83: =IF(C32="",0,1) -> 0 | D83: =IF(D32="",0,1) -> 0 | E83: =IF(E32="",0,1) -> 0 | F83: =IF(F32="",0,1) -> 0 | G83: =IF(G32="",0,1) -> 0 | H83: =IF(H32="",0,1) -> 0 | I83: =IF(I32="",0,1) -> 0 | J83: =IF(J32="",0,1) -> 0 | K83: =IF(K30="",0,1) -> 0 | L83: =IF(L30="",0,1) -> 0 | M83: =IF(M30="",0,1) -> 0 | N83: =IF(N30="",0,1) -> 0 | O83: =IF(O30="",0,1) -> 0 | P83: =IF(P30="",0,1) -> 0 | Q83: =IF(Q30="",0,1) -> 0 | R83: =IF(R30="",0,1) -> 0 | ... AY83: =IF(AY30="",0,1) -> 0 | AZ83: =SUM(B83:AY83) -> 0
A84: Applicable Files | B84: =IF(B32="N/A",0,1) -> 1 | C84: =IF(C32="N/A",0,1) -> 1 | D84: =IF(D32="N/A",0,1) -> 1 | E84: =IF(E32="N/A",0,1) -> 1 | F84: =IF(F32="N/A",0,1) -> 1 | G84: =IF(G32="N/A",0,1) -> 1 | H84: =IF(H32="N/A",0,1) -> 1 | I84: =IF(I32="N/A",0,1) -> 1 | J84: =IF(J32="N/A",0,1) -> 1 | K84: =IF(K30="N/A",0,1) -> 1 | L84: =IF(L30="N/A",0,1) -> 1 | M84: =IF(M30="N/A",0,1) -> 1 | N84: =IF(N30="N/A",0,1) -> 1 | O84: =IF(O30="N/A",0,1) -> 1 | P84: =IF(P30="N/A",0,1) -> 1 | Q84: =IF(Q30="N/A",0,1) -> 1 | R84: =IF(R30="N/A",0,1) -> 1 | ... AY84: =IF(AY30="N/A",0,1) -> 1 | AZ84: =SUM(B84:AY84) -> 50
A85: Non Compliant | B85: =IF(B32="NO",1,0) -> 0 | C85: =IF(C32="NO",1,0) -> 0 | D85: =IF(D32="NO",1,0) -> 0 | E85: =IF(E32="NO",1,0) -> 0 | F85: =IF(F32="NO",1,0) -> 0 | G85: =IF(G32="NO",1,0) -> 0 | H85: =IF(H32="NO",1,0) -> 0 | I85: =IF(I32="NO",1,0) -> 0 | J85: =IF(J32="NO",1,0) -> 0 | K85: =IF(K30="NO",1,0) -> 0 | L85: =IF(L30="NO",1,0) -> 0 | M85: =IF(M30="NO",1,0) -> 0 | N85: =IF(N30="NO",1,0) -> 0 | O85: =IF(O30="NO",1,0) -> 0 | P85: =IF(P30="NO",1,0) -> 0 | Q85: =IF(Q30="NO",1,0) -> 0 | R85: =IF(R30="NO",1,0) -> 0 | ... AY85: =IF(AY30="NO",1,0) -> 0 | AZ85: =SUM(B85:AY85) -> 0
A86: =A32 -> Documentation of Habitability Inspection
A87: Files Reviewed | B87: =IF(B32="",0,1) -> 0 | C87: =IF(C32="",0,1) -> 0 | D87: =IF(D32="",0,1) -> 0 | E87: =IF(E32="",0,1) -> 0 | F87: =IF(F32="",0,1) -> 0 | G87: =IF(G32="",0,1) -> 0 | H87: =IF(H32="",0,1) -> 0 | I87: =IF(I32="",0,1) -> 0 | ... AY87: =IF(AY32="",0,1) -> 0 | AZ87: =SUM(B87:AY87) -> 0
A88: Applicable Files | B88: =IF(B32="N/A",0,1) -> 1 | C88: =IF(C32="N/A",0,1) -> 1 | D88: =IF(D32="N/A",0,1) -> 1 | E88: =IF(E32="N/A",0,1) -> 1 | F88: =IF(F32="N/A",0,1) -> 1 | G88: =IF(G32="N/A",0,1) -> 1 | H88: =IF(H32="N/A",0,1) -> 1 | I88: =IF(I32="N/A",0,1) -> 1 | ... AY88: =IF(AY32="N/A",0,1) -> 1 | AZ88: =SUM(B88:AY88) -> 50
A89: Non Compliant | B89: =IF(B32="NO",1,0) -> 0 | C89: =IF(C32="NO",1,0) -> 0 | D89: =IF(D32="NO",1,0) -> 0 | E89: =IF(E32="NO",1,0) -> 0 | F89: =IF(F32="NO",1,0) -> 0 | G89: =IF(G32="NO",1,0) -> 0 | H89: =IF(H32="NO",1,0) -> 0 | I89: =IF(I32="NO",1,0) -> 0 | ... AY89: =IF(AY32="NO",1,0) -> 0 | AZ89: =SUM(B89:AY89) -> 0
A90: =A34 -> Lead Based Paint
A91: Files Reviewed | B91: =IF(B34="",0,1) -> 0 | C91: =IF(C34="",0,1) -> 0 | D91: =IF(D34="",0,1) -> 0 | E91: =IF(E34="",0,1) -> 0 | F91: =IF(F34="",0,1) -> 0 | G91: =IF(G34="",0,1) -> 0 | H91: =IF(H34="",0,1) -> 0 | I91: =IF(I34="",0,1) -> 0 | ... AY91: =IF(AY34="",0,1) -> 0 | AZ91: =SUM(B91:AY91) -> 0
A92: Applicable Files | B92: =IF(B34="N/A",0,1) -> 1 | C92: =IF(C34="N/A",0,1) -> 1 | D92: =IF(D34="N/A",0,1) -> 1 | E92: =IF(E34="N/A",0,1) -> 1 | F92: =IF(F34="N/A",0,1) -> 1 | G92: =IF(G34="N/A",0,1) -> 1 | H92: =IF(H34="N/A",0,1) -> 1 | I92: =IF(I34="N/A",0,1) -> 1 | ... AY92: =IF(AY34="N/A",0,1) -> 1 | AZ92: =SUM(B92:AY92) -> 50
A93: Non Compliant | B93: =IF(B34="NO",1,0) -> 0 | C93: =IF(C34="NO",1,0) -> 0 | D93: =IF(D34="NO",1,0) -> 0 | E93: =IF(E34="NO",1,0) -> 0 | F93: =IF(F34="NO",1,0) -> 0 | G93: =IF(G34="NO",1,0) -> 0 | H93: =IF(H34="NO",1,0) -> 0 | I93: =IF(I34="NO",1,0) -> 0 | ... AY93: =IF(AY34="NO",1,0) -> 0 | AZ93: =SUM(B93:AY93) -> 0
A94: =A36 -> Provision of Eligible Assistance
A95: Files Reviewed | B95: =IF(B36="",0,1) -> 0 | C95: =IF(C36="",0,1) -> 0 | D95: =IF(D36="",0,1) -> 0 | E95: =IF(E36="",0,1) -> 0 | F95: =IF(F36="",0,1) -> 0 | G95: =IF(G36="",0,1) -> 0 | H95: =IF(H36="",0,1) -> 0 | I95: =IF(I36="",0,1) -> 0 | ... AY95: =IF(AY36="",0,1) -> 0 | AZ95: =SUM(B95:AY95) -> 0
A96: Applicable Files | B96: =IF(B36="N/A",0,1) -> 1 | C96: =IF(C36="N/A",0,1) -> 1 | D96: =IF(D36="N/A",0,1) -> 1 | E96: =IF(E36="N/A",0,1) -> 1 | F96: =IF(F36="N/A",0,1) -> 1 | G96: =IF(G36="N/A",0,1) -> 1 | H96: =IF(H36="N/A",0,1) -> 1 | I96: =IF(I36="N/A",0,1) -> 1 | ... AY96: =IF(AY36="N/A",0,1) -> 1 | AZ96: =SUM(B96:AY96) -> 50
A97: Non Compliant | B97: =IF(B36="NO",1,0) -> 0 | C97: =IF(C36="NO",1,0) -> 0 | D97: =IF(D36="NO",1,0) -> 0 | E97: =IF(E36="NO",1,0) -> 0 | F97: =IF(F36="NO",1,0) -> 0 | G97: =IF(G36="NO",1,0) -> 0 | H97: =IF(H36="NO",1,0) -> 0 | I97: =IF(I36="NO",1,0) -> 0 | ... AY97: =IF(AY36="NO",1,0) -> 0 | AZ97: =SUM(B97:AY97) -> 0
A98: =A38 -> Rental Asistance Agreement
A99: Files Reviewed | B99: =IF(B38="",0,1) -> 0 | C99: =IF(C38="",0,1) -> 0 | D99: =IF(D38="",0,1) -> 0 | E99: =IF(E38="",0,1) -> 0 | F99: =IF(F38="",0,1) -> 0 | G99: =IF(G38="",0,1) -> 0 | H99: =IF(H38="",0,1) -> 0 | I99: =IF(I38="",0,1) -> 0 | ... AY99: =IF(AY38="",0,1) -> 0 | AZ99: =SUM(B99:AY99) -> 0
A100: Applicable Files | B100: =IF(B38="N/A",0,1) -> 1 | C100: =IF(C38="N/A",0,1) -> 1 | D100: =IF(D38="N/A",0,1) -> 1 | E100: =IF(E38="N/A",0,1) -> 1 | F100: =IF(F38="N/A",0,1) -> 1 | G100: =IF(G38="N/A",0,1) -> 1 | H100: =IF(H38="N/A",0,1) -> 1 | I100: =IF(I38="N/A",0,1) -> 1 | ... AY100: =IF(AY38="N/A",0,1) -> 1 | AZ100: =SUM(B100:AY100) -> 50
A101: Non Compliant | B101: =IF(B38="NO",1,0) -> 0 | C101: =IF(C38="NO",1,0) -> 0 | D101: =IF(D38="NO",1,0) -> 0 | E101: =IF(E38="NO",1,0) -> 0 | F101: =IF(F38="NO",1,0) -> 0 | G101: =IF(G38="NO",1,0) -> 0 | H101: =IF(H38="NO",1,0) -> 0 | I101: =IF(I38="NO",1,0) -> 0 | ... AY101: =IF(AY38="NO",1,0) -> 0 | AZ101: =SUM(B101:AY101) -> 0
A102: =A40 -> FMR/Rent Reasonableness
A103: Files Reviewed | B103: =IF(B40="",0,1) -> 0 | C103: =IF(C40="",0,1) -> 0 | D103: =IF(D40="",0,1) -> 0 | E103: =IF(E40="",0,1) -> 0 | F103: =IF(F40="",0,1) -> 0 | G103: =IF(G40="",0,1) -> 0 | H103: =IF(H40="",0,1) -> 0 | I103: =IF(I40="",0,1) -> 0 | ... AY103: =IF(AY40="",0,1) -> 0 | AZ103: =SUM(B103:AY103) -> 0
A104: Applicable Files | B104: =IF(B40="N/A",0,1) -> 1 | C104: =IF(C40="N/A",0,1) -> 1 | D104: =IF(D40="N/A",0,1) -> 1 | E104: =IF(E40="N/A",0,1) -> 1 | F104: =IF(F40="N/A",0,1) -> 1 | G104: =IF(G40="N/A",0,1) -> 1 | H104: =IF(H40="N/A",0,1) -> 1 | I104: =IF(I40="N/A",0,1) -> 1 | ... AY104: =IF(AY40="N/A",0,1) -> 1 | AZ104: =SUM(B104:AY104) -> 50
A105: Non Compliant | B105: =IF(B40="NO",1,0) -> 0 | C105: =IF(C40="NO",1,0) -> 0 | D105: =IF(D40="NO",1,0) -> 0 | E105: =IF(E40="NO",1,0) -> 0 | F105: =IF(F40="NO",1,0) -> 0 | G105: =IF(G40="NO",1,0) -> 0 | H105: =IF(H40="NO",1,0) -> 0 | I105: =IF(I40="NO",1,0) -> 0 | ... AY105: =IF(AY40="NO",1,0) -> 0 | AZ105: =SUM(B105:AY105) -> 0

Sheet TH Guide
A2: Transitional Housing
A5: Documentation of Homelessness
A6: Agencies operating Emergency Solutions Grant (ESG) Street Outreach programs must document that each participant meets HUD’s Category 1: Literally Homeless definition (24 CFR §576.2) at the time services begin.
A7: A person is considered literally homeless if they are:
A8: Living in a place not meant for human habitation (such as streets, vehicles, abandoned buildings, or encampments),
A9: Staying in an emergency shelter, or
A10: Exiting an institution (such as jail, hospital, or treatment facility) where they stayed 90 days or less and were living in a place not meant for human habitation or in an emergency shelter immediately before entering the institution.
A11: Acceptable Documentation
A12: Agencies must maintain records showing the participant met the Category 1 definition at program entry. Acceptable documentation may include:
A13: Written verification from a street outreach worker confirming the person was observed living in a place not meant for human habitation.
A14: HMIS records showing the participant entered the program from a street outreach contact or emergency shelter.
A15: Discharge paperwork or written verification from an institution confirming the length of stay and prior homeless status.
... A365: Proper documentation ensures that rental assistance is cost-effective, compliant, and supports long-term housing stability.

Sheet PRCExit
A2: PR&C Exit Interview Form (Transitional Housing)
A4: Date | B4: Partner Agency | F4: Program | I4: Reviewers
A5: ='TH Tool'!B4 -> 0 | B5: ='TH Tool'!B2 -> 0 | F5: ='TH Tool'!B3 -> 0
A6: Client File Review Summary
A7: Standard | G7: Number of Applicable Files | I7: Number Non Compliant | K7: Compliance Percentage
A8: ='TH Tool'!A14 -> Documentation of Homlessness | G8: ='TH Tool'!AZ52 -> 50 | I8: ='TH Tool'!AZ53 -> 0 | K8: =1-(I8/G8) -> 1
A9: ='TH Tool'!A16 -> Evaluation / Needs Assessment | G9: ='TH Tool'!AZ56 -> 50 | I9: ='TH Tool'!AZ57 -> 0 | K9: =1-(I9/G9) -> 1
A10: ='TH Tool'!A18 -> Annual Reassessment | G10: ='TH Tool'!AZ60 -> 50 | I10: ='TH Tool'!AZ61 -> 0 | K10: =1-(I10/G10) -> 1
A11: ='TH Tool'!A20 -> Termination and Appeals Acknowledgement | G11: ='TH Tool'!AZ64 -> 50 | I11: ='TH Tool'!AZ65 -> 0 | K11: =1-(I11/G11) -> 1
A12: ='TH Tool'!A22 -> Termination and Appeals Documentation | G12: ='TH Tool'!AZ68 -> 50 | I12: ='TH Tool'!AZ69 -> 0 | K12: =1-(I12/G12) -> 1
A13: ='TH Tool'!A24 -> Individualized Housing Stability Plans | G13: ='TH Tool'!AZ72 -> 50 | I13: ='TH Tool'!AZ73 -> 0 | K13: =1-(I13/G13) -> 1
A14: ='TH Tool'!A26 -> Case file documentation | G14: ='TH Tool'!AZ76 -> 50 | I14: ='TH Tool'!AZ77 -> 0 | K14: =1-(I14/G14) -> 1
A15: ='TH Tool'!A28 -> Lease or Housing Agreement Requirements | G15: ='TH Tool'!AZ80 -> 50 | I15: ='TH Tool'!AZ81 -> 0 | K15: =1-(I15/G15) -> 1
A16: ='TH Tool'!A30 -> VAWA client notification | G16: ='TH Tool'!AZ84 -> 50 | I16: ='TH Tool'!AZ85 -> 0 | K16: =1-(I16/G16) -> 1
A17: ='TH Tool'!A32 -> Documentation of Habitability Inspection | G17: ='TH Tool'!AZ88 -> 50 | I17: ='TH Tool'!AZ89 -> 0 | K17: =1-(I17/G17) -> 1
A18: ='TH Tool'!A34 -> Lead Based Paint | G18: ='TH Tool'!AZ92 -> 50 | I18: ='TH Tool'!AZ93 -> 0 | K18: =1-(I18/G18) -> 1
A19: ='TH Tool'!A36 -> Provision of Eligible Assistance | G19: ='TH Tool'!AZ96 -> 50 | I19: ='TH Tool'!AZ97 -> 0 | K19: =1-(I19/G19) -> 1
A20: ='TH Tool'!A38 -> Rental Asistance Agreement | G20: ='TH Tool'!AZ100 -> 50 | I20: ='TH Tool'!AZ101 -> 0 | K20: =1-(I20/G20) -> 1
A21: ='TH Tool'!A40 -> FMR/Rent Reasonableness | G21: ='TH Tool'!AZ104 -> 50 | I21: ='TH Tool'!AZ105 -> 0 | K21: =1-(I21/G21) -> 1
A22: Overall Monitoring Score | G22: =SUM(G8:H21) -> 700 | I22: =SUM(I8:J21) -> 0 | K22: =1-(I22/G22) -> 1
A23: Standards feedback, recommendations and improvement needed
A26: Next Steps (Follow up)
B27: No follow up needed at this time. Final review and determination will be provided on the PR&C report
A28: x | B28: Please provide follow up information for the items listed below
A30: 1
A31: 2
A32: 3
A33: 4
A34: 5
